 Dungeon Crawl Stone Soup version 0.22-a0-305-gd21a89c (webtiles) character file.

272 b5mith the Skirmisher (level 6, -8/84 HPs)
             Began as a Minotaur Berserker on Mar 30, 2018.
             Was a Priest of Trog.
             Mangled by Caerwyn's ghost (14 damage)
             ... on level 4 of the Dungeon.
             The game lasted 00:06:07 (3514 turns).

b5mith the Skirmisher (Minotaur Berserker)          Turns: 3514, Time: 00:06:08

Health: -8/84      AC:  3    Str: 29    XL:     6   Next: 2%
Magic:  5/5        EV: 13    Int:  4    God:    Trog [***...]
Gold:   117        SH:  0    Dex:  9    Spells: 5/5 levels left

rFire    . . .     SeeInvis .   a - +0 falchion
rCold    . . .     Gourm    .   (no shield)
rNeg     + . .     Faith    .   b - +0 animal skin
rPois    .         Spirit   .   (helmet restricted)
rElec    .         Reflect  .   (no cloak)
rCorr    .         Harm     .   n - +0 pair of gloves
MR       .....                  (no boots)
Stlth    ..........             (no amulet)
HPRegen  0.24/turn              i - ring of positive energy
MPRegen  0.09/turn              (no ring)

@: berserking, very quick
A: retaliatory headbutt, horns 2
a: Berserk, Trog's Hand, Renounce Religion


You were on level 4 of the Dungeon.
You worshipped Trog.
Trog was most pleased with you.
You were hungry.

You visited 1 branch of the dungeon, and saw 4 of its levels.

You collected 117 gold pieces.

Inventory:

Hand Weapons
 a - a +0 falchion (weapon)
Missiles
 k - 63 bolts
 o - 18 arrows
 p - 64 stones (quivered)
Armour
 b - a +0 animal skin (worn)
 n - a +0 pair of gloves (worn)
 A - a +0 pair of gloves
Jewellery
 f - a cursed -2 ring of intelligence {unknown}
 i - a ring of positive energy (left hand)
 m - an uncursed ring of flight
Scrolls
 e - 2 scrolls of immolation {unknown}
 g - 3 scrolls of identify {@r1}
 q - a scroll of magic mapping {unknown}
 t - a scroll of fear {unknown}
 v - 3 scrolls of fog {unknown}
 y - a scroll of teleportation {unknown}
 z - a scroll of random uselessness {unknown}
 C - a scroll of amnesia {unknown}
Potions
 d - 2 potions of might {unknown}
 h - a potion of heal wounds {unknown}
 j - a potion of flight {unknown}
 l - a potion of lignification {unknown}
 r - 2 potions of brilliance {unknown}
 s - a potion of degeneration {unknown}
 u - a potion of magic {unknown}
 w - a potion of curing {unknown}
 x - a potion of mutation {unknown}
Comestibles
 c - 8 rations
 B - a chunk of flesh


   Skills:
 + Level 5.1 Fighting
 + Level 5.0 Long Blades
 + Level 4.2 Armour
 + Level 4.0 Dodging


You had 5 spell levels left.
You didn't know any spells.

Dungeon Overview and Level Annotations

Branches:
Dungeon (4/15)
 Temple: D:4-7

Altars:
Fedhas
Hepliaklqana
Wu Jian

Annotations:
D:4 Caerwyn's ghost, amateur DsFi


Innate Abilities, Weirdness & Mutations

You reflexively headbutt those who attack you in melee.
You have a pair of horns on your head.


Message History

You headbutt Caerwyn's ghost, but do no damage.
Caerwyn's ghost is moderately damaged.
Caerwyn's ghost hits you.
* * * LOW HITPOINT WARNING * * *
A red film seems to cover your vision as you go berserk!
You feel yourself moving faster!
You feel mighty!
You are feeling hungry.
Caerwyn's ghost barely misses you.
You slash Caerwyn's ghost!
Caerwyn's ghost is heavily damaged.
Caerwyn's ghost hits you!
* * * LOW HITPOINT WARNING * * *
You hit Caerwyn's ghost.
Caerwyn's ghost is severely damaged.
Caerwyn's ghost closely misses you. You furiously retaliate!
You headbutt Caerwyn's ghost. You hit Caerwyn's ghost.
Caerwyn's ghost is almost destroyed.
Caerwyn's ghost hits you!
You die...

#. ##. ###
.. ..#
#.##.#
#..#.#
##..#.#
##.#..W#.#
+......@.##
####..###.##
##. ##.##
#.# ##.# #.#
#.# #<##
##.# ##.##
##.##
##.###.##
##...##


You could see Caerwyn's ghost.

Vanquished Creatures
  2 orc priests (D:3)
  A gnoll shaman (D:2)
  5 adders (D:2)
  3 gnolls (D:2)
  3 oozes
  3 worms
  2 dart slugs
  4 leopard geckos
  10 orcs (D:3)
  3 giant cockroaches
  7 goblins
  5 hobgoblins
  6 jackals
  6 kobolds
  A quokka (D:3)
  5 bats
  2 frilled lizards (D:2)
  7 rats
75 creatures vanquished.

Notes
Turn   | Place    | Note
-------+----------+-------------------------------------------
     0 | D:1      | b5mith the Minotaur Berserker began the quest for the Orb.
     0 | D:1      | Reached XP level 1. HP: 19/19 MP: 0/0
   402 | D:1      | Reached XP level 2. HP: 13/27 MP: 1/1
   972 | D:1      | Reached XP level 3. HP: 33/33 MP: 2/2
  1333 | D:2      | Reached ** piety under Trog
  1505 | D:2      | Reached XP level 4. HP: 17/41 MP: 3/3
  1761 | D:2      | Found an ornate altar of the Wu Jian Council.
  1841 | D:2      | Found a hazy altar of Hepliaklqana.
  1893 | D:2      | Reached XP level 5. HP: 47/47 MP: 4/4
  2837 | D:3      | Found a blossoming altar of Fedhas.
  2882 | D:3      | Reached skill level 5 in Fighting
  3199 | D:3      | Reached *** piety under Trog
  3275 | D:3      | Reached skill level 5 in Long Blades
  3288 | D:3      | Reached XP level 6. HP: 46/56 MP: 5/5
  3503 | D:4      | Noticed Caerwyn's ghost (amateur DsFi)
  3514 | D:4      | Mangled by Caerwyn's ghost

Vault maps used:
D:1:      evilmike_arrival_run_for_it, minmay_pentomino_s2
D:2:      lemuel_crystal_altar, marbit_many_paths
D:3:      nicolae_overflow_crystal_walls, first_ration,
          kennysheep_generic_room_10
D:4:      minmay_misc_feat_encased, bloody_makhleb, uniq_natasha, uniq_menkaure

Skill      XL: |  1  2  3  4  5 |
---------------+----------------+-----
Fighting       | 4 5 |  5.1
Long Blades    | 4 5 |  5.0
Armour         | 3 4 |  4.2
Dodging        | 3 4 |  4.0

Action                   |  1- 3 |  4- 6 || total
-------------------------+-------+-------++-------
Melee: Falchion          |    70 |   106 ||   176
       Headbutt          |    11 |    19 ||    30
Invok: Berserk           |     1 |     2 ||     3
  Use: Scroll            |     2 |       ||     2
  Eat: Chunk             |     2 |     5 ||     7
       Ration            |       |     1 ||     1
Armor: Animal skin       |     8 |    12 ||    20
Dodge: Dodged            |    48 |    63 ||   111
       Rpst.: Falchion   |    13 |    18 ||    31

Table legend:
 A = Spawn XP
 B = Non-spawn XP
 C = Spawn XP percentage of total XP
 D = Spawn monster count
 E = Non-spawn monster count
 F = Spawn count percentage of total count
 G = Total turns spent on level
                    A         B        C        D         E        F      G
               +---------+---------+-------+---------+---------+-------+---------
         Total |       0 |     389 |   0.0 |       0 |      75 |   0.0 |  3514
               +---------+---------+-------+---------+---------+-------+---------
           D:1 |       0 |      45 |   0.0 |       0 |      19 |   0.0 |  1230
           D:2 |       0 |     191 |   0.0 |       0 |      30 |   0.0 |  1453
           D:3 |       0 |     153 |   0.0 |       0 |      26 |   0.0 |   805
               +---------+---------+-------+---------+---------+-------+---------
